AoeStats
← КОБИАН

Arabia

509406274Analyzed
1v1 RM · 7d ago on Sep 26, 2026· 52m 25s· 2 players
Game mode
Random Map
Map size
Tiny (2 player)
Population
200
Speed
Normal
Resources
Standard
Victory
Conquest
Starting age
Dark Age
Ending age
Imperial Age
RankedLock teamsTeams togetherTeam positionsShared explorationLock speedFull tech treeHidden civsTurbo modeCheats
Victory
Defeat
🇬🇧 Britons · United Kingdom
948
+14
🇲🇽 Magyars · Mexico
909
-14
КОБИАН
11:53 Feudal Age
12:58 Loom
15:58 Bloodlines
16:35 Double-Bit Axe
16:34 Horse Collar
25:11 Castle Age
24:15 Stone Mining
24:37 Fletching
27:15 Bow Saw
28:40 Light Cavalry
29:50 Scale Barding Armor
30:14 Heavy Plow
30:19 Corvinian Army
35:55 Wheelbarrow
37:19 Masonry
40:24 Hand Cart
45:01 Imperial Age
47:25 Two-Man Saw
47:02 Ballistics
47:44 Chemistry
47:36 Conscription
47:18 Recurve Bow
48:48 Elite Skirmisher
49:54 Town Watch
50:35 Thumb Ring
joeldias246
5:54 Loom
9:08 Feudal Age
10:19 Double-Bit Axe
13:05 Forging
14:05 Fletching
14:46 Horse Collar
20:59 Castle Age
19:51 Padded Archer Armor
19:50 Gold Mining
21:30 Crossbowman
24:17 Wheelbarrow
24:14 Bodkin Arrow
30:07 Heavy Plow
30:28 Stone Mining
31:19 Ballistics
36:20 Imperial Age
37:25 Bow Saw
40:35 Masonry
41:26 Chemistry
40:15 Arbalester
40:57 Bracer
41:12 Leather Archer Armor
42:17 Capped Ram
45:37 Two-Man Saw
45:44 Gold Shaft Mining
47:34 Warwolf
Connection lost

Rejoining the realm…

Still unreachable

The connection could not be restored.

Session expired

The server has moved on; the page needs a fresh start.